 Dungeon Crawl Stone Soup version 0.31-a0-354-g827e0957a7 (webtiles) character file.

Game seed: 12625129693678057443

3 Bnni the Ruffian (level 1, -2/13 HPs)
             Began as an Octopode Shapeshifter on July 24, 2023.
             Slain by a hobgoblin (3 damage)
             ... on level 1 of the Dungeon.
             The game lasted 00:00:08 (67 turns).

Bnni the Ruffian (Octopode Shapeshifter)              Turns: 67, Time: 00:00:09

Health: -2/13      AC:  1    Str: 14    XL:     1   Next: 50%
Magic:  1/1        EV: 13    Int: 10    God:
Gold:   16         SH:  0    Dex: 12    Spells: 0/0 levels left

rFire   . .          .
                       - Unarmed
rCold   . . .        (no shield)
rNeg    . . .        (helmet currently unavailable)
rPois   .            (no amulet)
rElec   .            (no ring)
rCorr   .            (no ring)
SInv    .            (no ring)
Will    .....        (no ring)
Stlth   ++           (no ring)
HPRegen 0.22/turn    (no ring)
MPRegen 0.07/turn    (no ring)
                     (no ring)

%: no passive effects
@: beast-form
A: beast (slay +2), almost no armour, amphibious, 8 rings, camouflage 1,
gelatinous body 1, (nimble swimmer 1), tentacles
a: Begin Untransformation


You were on level 1 of the Dungeon.
You were a hulking beast.
You visited 1 branch of the dungeon, and saw 1 of its levels.

You collected 16 gold pieces.

Inventory:

Talismans
 b - a beast talisman
Scrolls
 d - 2 scrolls of identify {unknown}
 e - a scroll of poison {unknown}
Potions
 a - a potion of lignification
 c - a potion of haste {unknown}


   Skills:
 + Level 1.1 Fighting
 - Level 2.0 Dodging
 * Level 3.1 Unarmed Combat
 * Level 3.0 Shapeshifting


You couldn't memorise any spells.
You didn't know any spells.
Your spell library was empty.

Dungeon Overview and Level Annotations

Branches:
Dungeon (1/15)

Altars:


Innate Abilities, Weirdness & Mutations

You are a hulking beast.
Your limbs bulge with bestial killing power. (Slay +2)
You cannot wear most types of armour.
You are amphibious.
You can wear up to eight rings at the same time.
Your skin changes colour to match your surroundings (Stealth+).
Your rubbery body absorbs attacks. (AC +1, EV +1)
((You are camouflaged when in or above water. (Stealth+)))
You have tentacles for arms and can constrict up to eight enemies at once.


Message History

You squeeze the kobold.
You kill the kobold!
The quokka misses you.
You tentacle-slap the quokka. You grab the quokka. You squeeze the quokka.
The quokka is almost dead.
You constrict the quokka.
You kill the quokka!
No target in view!
You now have 16 gold pieces.
c - an amethyst potion
d - a scroll labelled FOPNUROKHLI
d - 2 scrolls labelled FOPNUROKHLI (gained 1)
e - a scroll labelled POROUV KUFEASS A hobgoblin and a goblin come into view.
The goblin is wielding a +1 dagger of protection.
The goblin shouts!
The hobgoblin shouts!
The goblin hits you but does no damage.
You tentacle-slap the hobgoblin but do no damage.
Your grab misses the hobgoblin. The goblin misses you.
The hobgoblin barely misses you.
You barely miss the hobgoblin. Your grab misses the hobgoblin.
The goblin hits you with a +1 dagger of protection.
The hobgoblin hits you.
You barely miss the hobgoblin. Your grab misses the hobgoblin.
The goblin closely misses you. The hobgoblin hits you.
You are too injured to fight recklessly!
You tentacle-slap the goblin but do no damage.
Your grab misses the goblin. You squeeze the goblin.
The goblin is heavily wounded.
The goblin barely misses you. The hobgoblin closely misses you.
You barely miss the goblin. You grab the goblin.
The goblin is heavily wounded.
You constrict the goblin.
The goblin hits you with a +1 dagger of protection.
* * * LOW HITPOINT WARNING * * *
The hobgoblin closely misses you.
You tentacle-slap the goblin.
You kill the goblin!
The hobgoblin hits you.
You die...

##≈≈~##...........#
#####.............
#..........####.
###.............
#####.#.......
#.#......#
######.#......#
...............#
........hg.....#
#######..).....#
###......# ......#
.###### ##


You could see a hobgoblin.

Vanquished Creatures
  2 goblins (D:1)
  A quokka (D:1)
  A kobold (D:1)
4 creatures vanquished.

Notes
Turn   | Place    | Note
-------+----------+-------------------------------------------
     0 | D:1      | Bnni the Octopode Shapeshifter began the quest for the Orb.
     0 | D:1      | Reached XP level 1. HP: 13/13 MP: 1/1
    67 | D:1      | Slain by a hobgoblin

Illustrated notes

Levels and vault maps discovered:
D:1:      lightli_arrival_statuegarden, layout_rooms

Action                     || total
---------------------------++-------
  Melee: Unarmed           ||    10
         Constrict         ||     3
         Tentacles         ||     3
 Armour: Skin              ||     1
  Dodge: Dodged            ||     7

Table legend: (Time is in decaauts)
 A = Elapsed time spent in this place.
 B = Non-inter-level travel time spent in this place.
 C = Inter-level travel time spent in this place.
 D = Time resting spent in this place.
 E = Time spent auto-exploring this place.
 F = Levels seen in this place.
 G = Mean time per level.
                   A        B        C        D        E       F      G
               +--------+--------+--------+--------+--------+-----+--------+
         Total |     66 |     66 |      0 |      0 |     46 |   1 |   66.0 |
       Dungeon |     66 |     66 |      0 |      0 |     46 |   1 |   66.0 |
               +--------+--------+--------+--------+--------+-----+--------+

Top non-repeatable levels by time:
     D:1: 66 daAuts
